 Dungeon Crawl Stone Soup version 0.30-a0-335-ge5acde7520 (webtiles) character file.

Game seed: 8172127889574578114

32 DasBelly the Firebug (level 3, 19/19 HPs)
             Began as a Deep Elf Fire Elementalist on Oct 30, 2022.
             Got out of the dungeon alive.
             The game lasted 00:01:48 (1009 turns).

DasBelly the Firebug (Deep Elf Fire Elementalist)   Turns: 1009, Time: 00:01:49

Health: 19/19      AC:  3    Str:  5    XL:     3   Next: 8%
Magic:  7/9        EV: 13    Int: 19    God:
Gold:   38         SH:  0    Dex: 17    Spells: 5/8 levels left

rFire   . . .      SeeInvis .    (no weapon)
rCold   . . .      Faith    .    (no shield)
rNeg    . . .      Spirit   .    a - +0 robe
rPois   .          Reflect  .    (no helmet)
rElec   .          Harm     .    (no cloak)
rCorr   .          Rampage  .    (no gloves)
Will    .....                    d - +0 pair of boots
Stlth   ++........               (no amulet)
HPRegen 0.23/turn                (no ring)
MPRegen 0.11/turn                (no ring)

@: no status effects
A: no striking features
a: no special abilities


You escaped.
You visited 1 branch of the dungeon, and saw 2 of its levels.

You collected 38 gold pieces.

Inventory:

Armour
 a - a +0 robe (worn)
 d - a +0 pair of boots (worn)
Scrolls
 e - a scroll of vulnerability {unknown}
 f - a scroll of fog {unknown}
 h - 3 scrolls of identify {unknown}
 i - a scroll of amnesia {unknown}
Potions
 b - a potion of magic
 c - a potion of curing {unknown}
 g - a potion of haste {unknown}
 j - a potion of degeneration {unknown}
 k - a potion of lignification {unknown}


   Skills:
 - Level 2.4 Dodging
 - Level 2.4 Stealth
 - Level 3.0 Spellcasting
 + Level 3.3 Conjurations
 - Level 3.3 Fire Magic


You had 5 spell levels left.
You knew the following spells:

 Your Spells              Type           Power      Damage    Failure   Level
a - Foxfire               Conj/Fire      60%        2x1d7     3%          1
b - Scorch                Fire           30%        2d6       6%          2

Your spell library contained the following spells:

 Spells                   Type           Power      Damage    Failure   Level
 Inner Flame              Hex/Fire       9%         N/A       22%         3
 Kindle Blastsparks       Fire/Tloc/Air  14%        2d11      28%         3
 Flame Wave               Conj/Fire      15%        2d7       36%         4
 Call Canine Familiar     Summ           2%         N/A       41%         3
 Portal Projectile        Hex/Tloc       4%         N/A       41%         3
 Leda's Liquefaction      Hex/Erth       1%         N/A       83%         4


Dungeon Overview and Level Annotations

Branches:
Dungeon (2/15)

Altars:


Message History

The foxfire hits the kobold.
You kill the kobold!
You have reached level 3!
Your experience leads to an increase in your attributes!
Increase (S)trength, (I)ntelligence, or (D)exterity?
You feel agile. x2
You conjure some foxfire!
The foxfire hits the frilled lizard.
You kill the frilled lizard!
You conjure some foxfire!
The foxfire hits the jackal.
The jackal is moderately wounded.
The foxfire hits the jackal.
The jackal is severely wounded.
A jackal comes into view.
The foxfire hits the jackal.
You kill the jackal!
Unknown command.
A jackal is nearby!
The foxfire hits the jackal.
The jackal is heavily wounded.
The foxfire hits the jackal.
You kill the jackal!
(D) Dungeon
Where to? (Enter - D:2, ? - help)
Okay, then.
You drop a scroll labelled KICWOH BUXESAO.
An adder comes into view.
(D) Dungeon
Where to? (Enter - D:2, ? - help)
An adder is nearby!
An endoplasm comes into view.
There is a stone staircase leading up here.
The endoplasm quivers.
You climb upwards.
There is a stone staircase leading down here.
(D) Dungeon
Where to? (Enter - D:1, ? - help)
Okay, then.
There is a staircase leading out of the dungeon here.
Are you sure you want to leave the Dungeon?
This will make you lose the game!
You have escaped!

#.......#######..)....####..# #.
.....###.......###......###.# #.
..###.............###....##.#####
.#......#######......#...##.....#
#.....### ###.....#...#.....#
#....## ##..).#...#.....# #....##
##....#.........# #.....###
###.....#...####.##
.#......#######.@....#...## #.##
..###.............###....# #.##
.....###.......###......### #.##
#.......#######.......###.# #...
#####.............#######.######.
###############..............
##### #######.###.... ## #...#
#########.###.... .# #...#
#..........######


There were no monsters in sight!

Vanquished Creatures
  2 dart slugs (D:1)
  A ball python (D:1)
  2 bats (D:1)
  2 endoplasms (D:1)
  5 giant cockroaches (D:1)
  A goblin (D:1)
  2 hobgoblins (D:1)
  2 jackals (D:2)
  3 kobolds
  2 frilled lizards
  3 rats (D:1)
25 creatures vanquished.

Vanquished Creatures (others)
  61 foxfires
61 creatures vanquished.

Grand Total: 86 creatures vanquished

Notes
Turn   | Place    | Note
-------+----------+-------------------------------------------
     0 | D:1      | DasBelly the Deep Elf Fire Elementalist began the quest for
                  | the Orb.
     0 | D:1      | Reached XP level 1. HP: 10/10 MP: 6/6
   219 | D:1      | Reached XP level 2. HP: 15/15 MP: 5/8
   222 | D:1      | Learned a level 2 spell: Scorch
   467 | D:1      | Found a faded altar of an unknown god.
   981 | D:2      | Reached XP level 3. HP: 19/19 MP: 6/9
  1009 | D:$      | Got out of the dungeon alive.

Illustrated notes

Levels and vault maps discovered:
D:1:      dpeg_arrival_oval, layout_basic,
          hellmonk_ecumenical_altar_defaced_shrine
D:2:      layout_basic, minmay_small_reverse_x, uniq_robin

Skill      XL: |  1  2 |
---------------+-------+-----
Conjurations   | 2 3 |  3.3
Dodging        | |  2.4
Stealth        | |  2.4
Spellcasting   | |  3.0
Fire Magic     | |  3.3

Action                   || total
-------------------------++-------
Melee: Unarmed           ||     1
 Cast: Foxfire           ||    40
       Scorch            ||     2
Dodge: Dodged            ||     5

Table legend: (Time is in decaauts)
 A = Elapsed time spent in this place.
 B = Non-inter-level travel time spent in this place.
 C = Inter-level travel time spent in this place.
 D = Time resting spent in this place.
 E = Time spent auto-exploring this place.
 F = Levels seen in this place.
 G = Mean time per level.
                   A        B        C        D        E       F      G
               +--------+--------+--------+--------+--------+-----+--------+
         Total |   1009 |    972 |     37 |      0 |    840 |   2 |  504.5 |
       Dungeon |   1009 |    972 |     37 |      0 |    840 |   2 |  504.5 |
               +--------+--------+--------+--------+--------+-----+--------+

Top non-repeatable levels by time:
     D:1: 1000 daAuts
     D:2: 8 daAuts
